 Dungeon Crawl Stone Soup version bcrawl-1.19.2-6-g6a88ae04c9 (webtiles) character file.

Game seed: 11082312937397970320

179 Mrkan the Ruffian (level 5, 0/53 HPs)
             Began as a Troll Fighter on Jan 14, 2020.
             Slain by an orc wizard
             ... wielding a +0 dagger
              (2 damage)
             ... on level 3 of the Dungeon.
             The game lasted 00:01:46 (1839 turns).

Mrkan the Ruffian (Troll Fighter)                   Turns: 1839, Time: 00:01:46

Health: 0/53       AC:  6    Str: 25    XL:     5   Next: 32%
Magic:  4/4        EV:  8    Int:  5    God:
Gold:   131        SH:  8    Dex:  9    Spells: 4/4 levels left

rFire    . . .     SeeInvis .     - Unarmed
rCold    . . .     Gourm    +   a - +0 shield
rNeg     . . .     Faith    .   (armour unavailable)
rPois    .         Spirit   .   (helmet restricted)
rElec    .         Reflect  .   (no cloak)
rCorr    .         Harm     .   (gloves unavailable)
MR       .....                  (boots unavailable)
Stlth    +.........             (no amulet)
HPRegen  0.57/turn              (no ring)
MPRegen  0.09/turn              (no ring)

@: no status effects
A: large, almost no armour, unfitting armour, claws 3, fast metabolism 3,
gourmand, regeneration 1, AC +6
a: no special abilities


You were on level 3 of the Dungeon.
You were very full.

You visited 1 branch of the dungeon, and saw 3 of its levels.

You collected 131 gold pieces.

Inventory:

Armour
 a - a +0 shield (worn)
Jewellery
 h - an uncursed amulet of rage {unknown}
 j - an uncursed ring of protection from cold {unknown}
 k - an uncursed amulet of regeneration {unknown}
Scrolls
 d - 5 scrolls of identify {unknown}
 f - a scroll of amnesia {unknown}
 i - a scroll of teleportation {unknown}
Potions
 b - a potion of might
 e - a potion of magic {unknown}
Comestibles
 c - 3 rations {!d}


   Skills:
 + Level 3.4 Fighting
 - Level 2.4 Dodging
 - Level 2.0 Shields
 * Level 4.7 Unarmed Combat


You had 4 spell levels left.
You didn't know any spells.
Your spell library was empty.

Dungeon Overview and Level Annotations

Branches:
Dungeon (3/12)

Altars:


Innate Abilities, Weirdness & Mutations

You cannot wear most types of armour.
Your thick skin is tough. (AC +6)
You are too large for most types of armour.
You have claws for hands.
Your metabolism is lightning-fast.
You like to eat raw meat.
Your natural rate of healing is unusually fast.


Message History

Something hits you.
* * * LOW HITPOINT WARNING * * *
The orc hits you with a +0 flail.
* * * LOW HITPOINT WARNING * * *
You claw the orc!
You kill the orc!
Something hits you but does no damage.
You miss something. Something hits you.
* * * LOW HITPOINT WARNING * * *
You miss something. Something hits you.
* * * LOW HITPOINT WARNING * * *
You scratch something. Something hits you.
* * * LOW HITPOINT WARNING * * *
You scratch something. Something hits you but does no damage.
Your shield prevents you from hitting something.
Something hits you.
* * * LOW HITPOINT WARNING * * *
You barely miss something. Something hits you but does no damage.
Something hits you.
You die...

##.##.#.#.#
####.#.....>...##
....#..#.......##
#..#).#..# ....
#..#..#†.###..#.
#.<........)..#.
>#########.##..#.##.##.#.
.......{))(..............
#...[)@......#.........
##.#####.##.########...
#.##.########...
#...............
####.########... #.# #...
#.# #.## .# #... #####.##


There were no monsters in sight!

Vanquished Creatures
  An orc priest (D:3)
  An orc wizard (D:3)
  A worker ant (D:2)
  4 gnolls (D:2)
  2 adders (D:3)
  A worm (D:1)
  4 leopard geckos
  2 orcs (D:3)
  A giant cockroach (D:1)
  4 hobgoblins
  4 bats
  A frilled lizard (D:2)
  4 goblins
  6 kobolds
  2 rats (D:2)
38 creatures vanquished.

Notes
Turn   | Place    | Note
-------+----------+-------------------------------------------
     0 | D:1      | Mrkan the Troll Fighter began the quest for the Orb.
     0 | D:1      | Reached XP level 1. HP: 22/22 MP: 0/0
   443 | D:1      | Reached XP level 2. HP: 23/29 MP: 1/1
  1427 | D:2      | Reached skill level 3 in Unarmed Combat
  1427 | D:2      | Reached XP level 3. HP: 29/36 MP: 2/2
  1547 | D:2      | Gained mutation: Your natural rate of healing is unusually
                  | fast. [Troll growth]
  1547 | D:2      | Reached XP level 4. HP: 34/45 MP: 3/3
  1747 | D:3      | Reached skill level 4 in Unarmed Combat
  1824 | D:3      | Reached XP level 5. HP: 17/53 MP: 4/4
  1836 | D:3      | HP: 2/53 [something (3)]
  1839 | D:3      | Slain by an orc wizard

Skill      XL: |  1  2  3  4 |
---------------+-------------+-----
Unarmed Combat | 3 4 |  4.7
Fighting       | 3 |  3.4
Dodging        | |  2.4
Shields        | |  2.0

Action                   |  1- 3 |  4- 6 || total
-------------------------+-------+-------++-------
Melee: Unarmed           |    56 |    53 ||   109
  Use: Potion            |       |     1 ||     1
 Stab: Distracted        |       |     1 ||     1
  Eat: Chunk             |     6 |     5 ||    11
       Ration            |     1 |       ||     1
Armor: Skin              |    20 |    24 ||    44
Dodge: Dodged            |    26 |    23 ||    49
Block: Shield            |    29 |    27 ||    56
